AoeStats
← blackjack6894

Black Forest

507771911Analyzed
3v3 RM · 11d ago on Sep 19, 2026· 56m 47s· 6 players
Game mode
Random Map
Map size
Normal (6 player)
Population
200
Speed
Normal
Resources
Standard
Victory
Conquest
Starting age
Dark Age
Ending age
Imperial Age
RankedLock teamsTeams togetherTeam positionsShared explorationLock speedFull tech treeHidden civsTurbo modeCheats
Victory
Defeat
🇺🇸 Cumans · United States
875
+12
🇩🇪 Spanish · Germany
769
+16
🇺🇸 Huns · United States
551
+24
🇸🇰 Persians · Slovakia
770
-18
🇸🇰 Japanese · Slovakia
760
-17
🇮🇹 Lithuanians · Italy
757
-17
Mañana
8:33 Loom
11:11 Feudal Age
17:34 Castle Age
17:17 Fletching
18:27 Crossbowman
21:38 Double-Bit Axe
21:57 Padded Archer Armor
30:02 Leather Archer Armor
30:03 Bodkin Arrow
32:00 Wheelbarrow
31:46 Horse Collar
31:59 Gold Mining
34:16 Bloodlines
34:12 Husbandry
35:53 Hand Cart
39:39 Imperial Age
38:41 Scale Barding Armor
39:16 Ballistics
40:04 Thumb Ring
41:06 Gold Shaft Mining
40:34 Scale Mail Armor
40:56 Chain Barding Armor
40:37 Bracer
41:14 Caravan
41:47 Arbalester
43:47 Conscription
44:55 Ring Archer Armor
45:47 Kataparuto
54:52 Elite Skirmisher
Yannis
0:48 Loom
14:13 Feudal Age
16:31 Double-Bit Axe
24:08 Castle Age
22:22 Stone Mining
23:05 Horse Collar
23:32 Scale Mail Armor
24:31 Forging
24:40 Pikeman
25:15 Gold Mining
26:54 Fervor
29:26 Heavy Plow
30:52 Bow Saw
31:16 Sanctity
34:04 Imperial Age
32:49 Scale Barding Armor
34:28 Wheelbarrow
34:45 Elite Skirmisher
35:28 Husbandry
35:18 Town Watch
36:54 Chemistry
36:17 Ballistics
38:17 Murder Holes
39:49 Crop Rotation
39:34 Fortified Wall
39:52 Squires
40:41 Conscription
41:27 Bloodlines
42:14 Chain Barding Armor
41:56 Padded Archer Armor
42:38 Fletching
44:40 Hoardings
44:07 Halberdier
44:56 Thumb Ring
45:59 Hand Cart
46:42 Plate Barding Armor
46:04 Bodkin Arrow
47:12 Elite Leitis
53:02 Leather Archer Armor
53:04 Chain Mail Armor
knarf
10:11 Loom
14:24 Feudal Age
19:11 Castle Age
21:22 Squires
21:50 Scale Barding Armor
24:04 Wheelbarrow
23:46 Double-Bit Axe
23:43 Horse Collar
25:51 Scale Mail Armor
28:44 Hand Cart
31:30 Caravan
32:19 Chain Barding Armor
34:27 Husbandry
37:15 Forging
37:20 Chain Mail Armor
36:33 Pikeman
37:00 Gambesons
38:01 Bow Saw
37:54 Heavy Plow
37:47 Gold Mining
41:38 Iron Casting
44:42 Imperial Age
41:58 Town Watch
44:38 Halberdier
45:33 Elite War Elephant
46:03 Elite Skirmisher
46:51 Thumb Ring
48:09 Town Patrol
50:08 Blast Furnace
49:40 Plate Mail Armor
49:50 Plate Barding Armor
49:16 Padded Archer Armor
49:06 Fletching
53:02 Two-Man Saw
52:43 Gold Shaft Mining
54:09 Leather Archer Armor
57:16 Ring Archer Armor
56:41 Bodkin Arrow
HulkHoden
11:50 Feudal Age
19:40 Castle Age
21:56 Double-Bit Axe
23:41 Caravan
25:24 Bow Saw
24:59 Horse Collar
26:11 Loom
27:29 Heavy Plow
30:04 Wheelbarrow
31:12 Bloodlines
34:43 Imperial Age
32:43 Ballistics
36:25 Chemistry
34:48 Cavalier
35:29 Husbandry
37:20 Supremacy
39:02 Thumb Ring
41:52 Padded Archer Armor
41:43 Fletching
41:42 Paladin
44:36 Leather Archer Armor
44:28 Scale Barding Armor
44:35 Forging
51:47 Chain Barding Armor
52:03 Iron Casting
52:02 Ring Archer Armor
51:28 Bodkin Arrow
blackjack6894
4:05 Loom
16:17 Feudal Age
17:42 Wheelbarrow
16:52 Town Watch
16:54 Horse Collar
18:17 Double-Bit Axe
27:25 Castle Age
27:03 Stone Mining
28:23 Hand Cart
28:22 Heavy Plow
28:38 Bow Saw
28:36 Gold Mining
30:52 Scale Barding Armor
31:01 Forging
30:56 Caravan
32:34 Gold Shaft Mining
35:21 Chain Barding Armor
35:38 Iron Casting
35:06 Marauders
37:33 Fervor
40:40 Imperial Age
39:26 Husbandry
39:38 Bloodlines
40:35 Masonry
43:18 Plate Barding Armor
43:31 Murder Holes
43:57 Ballistics
44:33 Conscription
44:28 Elite Tarkan
46:47 Blast Furnace
48:50 Chemistry
47:44 Fletching
51:04 Sanctity
commanderflufy0
0:43 Loom
12:40 Feudal Age
16:36 Man-at-Arms
21:20 Castle Age
20:15 Wheelbarrow
20:09 Horse Collar
20:21 Double-Bit Axe
21:58 Fletching
22:45 Gold Mining
24:51 Bodkin Arrow
24:58 Padded Archer Armor
25:25 Heavy Plow
26:03 Elite Skirmisher
27:29 Thumb Ring
27:54 Ballistics
28:28 Thumb Ring
29:28 Leather Archer Armor
29:35 Hand Cart
29:50 Capped Ram
31:56 Caravan
35:56 Imperial Age
36:22 Steppe Husbandry
37:03 Parthian Tactics
36:15 Heavy Cavalry Archer
37:58 Bow Saw
38:41 Pikeman
40:31 Onager
41:31 Forging
41:22 Scale Mail Armor
42:45 Conscription
43:04 Ring Archer Armor
42:13 Halberdier
42:55 Squires
44:09 Gold Shaft Mining
47:06 Siege Ram
51:05 Two-Man Saw
51:32 Iron Casting
51:12 Chain Mail Armor
50:49 Arson
53:00 Cuman Mercenaries
55:31 Plate Mail Armor
56:01 Blast Furnace
56:02 Fervor
56:16 Heresy
Connection lost

Rejoining the realm…

Still unreachable

The connection could not be restored.

Session expired

The server has moved on; the page needs a fresh start.